 Dungeon Crawl Stone Soup version 0.31.0-7-gf635a9b802 (webtiles) character file.

Game seed: 3358887318687620461

11 Aldia the Apothecary (level 2, 18/18 HPs)
             Began as an Octopode Alchemist on Jan 23, 2024.
             Was a Follower of Vehumet.
             Quit the game on level 1 of the Dungeon.
             The game lasted 00:01:10 (687 turns).

Aldia the Apothecary (Octopode Alchemist)            Turns: 687, Time: 00:01:10

Health: 18/18      AC:  1    Str:  7    XL:     2   Next: 29%
Magic:  5/5        EV: 13    Int: 17    God:    Vehumet [*.....]
Gold:   67         SH:  0    Dex: 12    Spells: 2/5 levels left

rFire   . . .        f - +0 short sword
rCold   . . .        (no shield)
rNeg    . . .        (helmet restricted)
rPois   .            (no amulet)
rElec   .            (no ring)
rCorr   .            (no ring)
SInv    .            (no ring)
Will    .....        (no ring)
Stlth   +++          (no ring)
HPRegen 0.23/turn    (no ring)
MPRegen 0.09/turn    (no ring)
                     (no ring)

%: no passive effects
@: no status effects
A: almost no armour, amphibious, 8 rings, camouflage 1, gelatinous body 1,
(nimble swimmer 1), tentacles
a: Renounce Religion


You were on level 1 of the Dungeon.
You worshipped Vehumet.
Vehumet was aware of your devotion.
You visited 1 branch of the dungeon, and saw 1 of its levels.

You collected 67 gold pieces.

Inventory:

Hand Weapons
 f - a +0 short sword (weapon)
Scrolls
 b - a scroll of enchant armour {unknown}
 e - a scroll of teleportation {unknown}
 g - a scroll of torment {unknown}
 h - 2 scrolls of identify {unknown}
Potions
 a - a potion of magic
 c - a potion of attraction {unknown}
 d - 2 potions of resistance {unknown}


   Skills:
 + Level 0.6 Fighting
 - Level 2.0 Dodging
 - Level 2.6 Stealth
 + Level 2.1 Spellcasting
 - Level 1.0 Conjurations
 + Level 0.1 Air Magic
 * Level 3.7 Alchemy


You had 2 spell levels left.
You knew the following spells:

 Your Spells              Type           Power      Damage    Failure   Level
a - Sting                 Conj/Alch      36%        1d5       8%          1
b - Mercury Vapours       Alch/Air       16%        N/A       13%         2

Your spell library contained the following spells:

 Spells                   Type           Power      Damage    Failure   Level
 Foxfire                  Conj/Fire      12%        2x1d4     16%         1
 Mephitic Cloud           Conj/Alch/Air  7%         N/A       28%         3
 Olgreb's Toxic Radiance  Alch           14%        N/A       38%         4
 Sticky Flame             Fire/Alch      8%         2d4       65%         4


Dungeon Overview and Level Annotations

Branches:
Dungeon (1/15)

Altars:
Vehumet


Innate Abilities, Weirdness & Mutations

You cannot wear most types of armour.
You are amphibious.
You can wear up to eight rings at the same time.
Your skin changes colour to match your surroundings (Stealth+).
Your rubbery body absorbs attacks. (AC +1, EV +1)
((You are camouflaged when in or above water. (Stealth+)))
You have tentacles for arms and can constrict up to eight enemies at once.


Message History

You can't see any susceptible monsters within range! (Use Z to cast anyway.)
You can't see any susceptible monsters within range! (Use Z to cast anyway.)
A quokka comes into view.
A quokka is nearby!
You see here a bat corpse.
The sting hits the quokka.
The quokka is poisoned.
The quokka is lightly wounded.
The sting hits the quokka but does no damage.
The quokka looks even sicker.
The quokka is heavily wounded.
The sting misses the quokka.
The quokka misses you.
The sting hits the quokka.
The quokka looks even sicker.
The quokka is severely wounded.
The quokka barely misses you. The quokka bites you.
The sting hits the quokka.
The quokka looks as sick as possible!
You kill the quokka!
You are out of magic!
Found a short sword and a robe.
You see here a quokka corpse.
No target in view!
Found a leather armour.
You see here a +0 leather armour.
You open the door.
Found a faded altar of an unknown god.
There is an open door here.
There is a faded altar of an unknown god here.
This altar belongs to (a) Vehumet, (b) Nemelex Xobeh or (c) Jiyva, but you can't tell which.
Press the corresponding letter to learn more about a god, or press enter to convert or escape to cancel.
Okay, then.
Unknown command.
Press < or > to pray at altars.
Unknown command.
Press < or > to pray at altars.
Unknown command.
Press < or > to pray at altars.
This altar belongs to (a) Vehumet, (b) Nemelex Xobeh or (c) Jiyva, but you can't tell which.
Press the corresponding letter to learn more about a god, or press enter to convert or escape to cancel.
Vehumet accepts your prayer! Vehumet welcomes you!
You can now gain magical power from killing.
Vehumet offers you knowledge of Foxfire.
Are you sure you want to abandon this character and quit the game? (Confirm with "yes".)

### ..... ###### ###...[.# ####
...... .#.......##########...
###########......)..............#
...###>.....#.#####......##.....#
##............#8.8#......##.....#
#####...[.8###...###8.####.....#
#......+...@...'...###.....#
#.†...8###...###8..........#
####.....#8.8#....##........
#.###.#####.#.....#......
#########.# #.........#...#..####
........#.# ####...#####....## #
#######...######..## ###...## .#
##......##..####...#.## #
.#######.####..#..##...###..#####


There were no monsters in sight!

Vanquished Creatures
  A giant cockroach (D:1)
  A hobgoblin (D:1)
  A quokka (D:1)
  2 bats (D:1)
  3 frilled lizards (D:1)
  A kobold (D:1)
  4 rats (D:1)
13 creatures vanquished.

Notes
Turn   | Place    | Note
-------+----------+-------------------------------------------
     0 | D:1      | Aldia the Octopode Alchemist began the quest for the Orb.
     0 | D:1      | Reached XP level 1. HP: 11/11 MP: 3/3
   248 | D:1      | Reached XP level 2. HP: 18/18 MP: 1/5
   251 | D:1      | Learned a level 2 spell: Mercury Vapours
   680 | D:1      | Found a faded altar of an unknown god.
   686 | D:1      | Prayed at the altar of an unknown god.
   686 | D:1      | Became a worshipper of Vehumet
   686 | D:1      | Reached * piety under Vehumet
   686 | D:1      | Offered knowledge of Foxfire by Vehumet.
   687 | D:1      | Quit the game

Illustrated notes

Levels and vault maps discovered:
D:1:      dpeg_arrival_prison, layout_rooms,
          dreamdust_ecumenical_altar_angels_and_demons, minmay_door_square

Action                     || total
---------------------------++-------
  Melee: Short sword       ||     1
   Cast: Sting             ||    20
 Armour: Skin              ||     3
  Dodge: Dodged            ||     6
